 Dungeon Crawl Stone Soup version 0.17.1-1-g73c8601 (webtiles) character file.

1995 Arkorax the Cruncher (level 9, -2/57 HPs)
             Began as a Tengu Gladiator on Dec 19, 2015.
             Was an Initiate of Gozag.
             Slain by a centaur skeleton (4 damage)
             ... on level 7 of the Dungeon.
             The game lasted 00:08:55 (5903 turns).

Arkorax the Cruncher (Tengu Gladiator)              Turns: 5903, Time: 00:08:56

Health: -2/57      AC:  6    Str: 18    XL:     9   Next: 21%
Magic:  10/10      EV: 11    Int:  8    God:    Gozag
Gold:   790        SH:  0    Dex: 16    Spells: 0 memorised, 8 levels left

rFire  + . .     SeeInvis .     a - +0 quarterstaff
rCold  + . .     Clarity  .     w - +2 robe {rF+}
rNeg   . . .     SustAt   +     (shield currently unavailable)
rPois  +         Gourm    .     c - +0 hat
rElec  .         Spirit   .     i - +0 cloak {rPois}
rCorr  .         Warding  .     l - +0 pair of gloves
rMut   .         Stasis   .     (boots unavailable)
MR     .....                    (no amulet)
Stlth  +.........               x - ring of protection from cold
                                j - ring of sustain attributes

@: slowed, very slow, not resistant to hostile enchantments, very unstealthy
A: beak, talons 3, able to fly 1
a: Fly, Potion Petition, Call Merchant, Bribe Branch, Renounce Religion


You were on level 7 of the Dungeon.
You worshipped Gozag.
Gozag was noncommittal.
You were not hungry.

You visited 1 branch of the dungeon, and saw 7 of its levels.

You collected 830 gold pieces.
You paid 40 gold pieces to Gozag.

Inventory:

Hand Weapons
 a - a +0 quarterstaff (weapon)
Missiles
 d - 3 throwing nets (quivered)
Armour
 c - a +0 hat (worn)
 i - a +0 cloak of poison resistance (worn)
 l - a +0 pair of gloves (worn)
 w - a +2 robe of fire resistance (worn)
Jewellery
 j - a ring of sustain attributes (left hand)
 x - a ring of protection from cold (right hand)
Wands
 y - a wand of digging (6)
 F - a wand of confusion (24)
 I - a wand of slowing (22)
Scrolls
 b - 7 scrolls of identify {unknown}
 e - a scroll of enchant armour {unknown}
 g - 2 scrolls of teleportation {unknown}
 m - 3 scrolls of enchant weapon {unknown}
 q - 4 scrolls of remove curse {unknown}
 t - a scroll of amnesia {unknown}
 v - 2 scrolls of immolation {unknown}
 E - a scroll of recharging {unknown}
 G - a scroll of noise {unknown}
 K - a scroll of fog {unknown}
Potions
 f - a potion of brilliance
 h - 3 potions of agility
 k - a potion of lignification {unknown}
 n - 2 potions of poison {unknown}
 r - a potion of beneficial mutation {unknown}
 u - 2 potions of flight {unknown}
 z - a potion of mutation {unknown}
 B - a potion of cure mutation {unknown}
 C - a potion of heal wounds {unknown}
 D - 4 potions of curing {unknown}
 L - 2 potions of haste {unknown}
Books
 J - a book of Flames

   Spells                             Type                      Level
   a - Flame Tongue                   Conjuration/Fire             1
   b - Throw Flame                    Conjuration/Fire             2
   c - Conjure Flame                  Conjuration/Fire             3
   d - Inner Flame                    Hexes/Fire                   3
   e - Sticky Flame                   Conjuration/Fire             4
   f - Fireball                       Conjuration/Fire             5
Comestibles
 o - a beef jerky
 p - a slice of pizza
 s - 3 bread rations
 A - 2 fruits
 H - a meat ration


   Skills:
 + Level 7.6 Fighting
 + Level 8.7 Staves
 - Level 2.0 Throwing
 + Level 7.0 Dodging


You had 8 spell levels left.
You didn't know any spells.

Dungeon Overview and Level Annotations

Branches:
Dungeon (7/15)             Temple (0/1) D:5

Altars:
Ashenzari
Dithmenos
Elyvilon
Gozag
Vehumet
Zin

Annotations:
D:7 antares's ghost, novice DEWz


Innate Abilities, Weirdness & Mutations

You have a beak for a mouth.
You have claws for feet.
You can fly.


Message History

You are starting to lose your buoyancy.
The centaur skeleton barely misses you.
The centaur skeleton hits you but does no damage.
You reach down and open the door.
The centaur skeleton hits you.
* * * LOW HITPOINT WARNING * * *
The centaur skeleton completely misses you.
Antares's ghost screams, "I'll kill anyone who wants the ORB!"
You float gracefully downwards.
The centaur skeleton closely misses you.
There is an open door here.
Antares's ghost misses you.
Antares's ghost's fingertips begin to glow.
Antares's ghost casts a spell at you. The magic dart hits you!
* * * LOW HITPOINT WARNING * * *
There is a stone staircase leading up here.
Antares's ghost hits you but does no damage.
The centaur skeleton hits you.
You die...
Your body crumbles into a pile of gold.

#............#....
#....>.......#....
#............#....
#.........(..#....
#..###..##..###...
#'#####'##..###...
#.......#.........
#WZ.....#.........
#@.###.###[..##...
######.###...##+##
#...)....(.....
#.........(....
#.........(....
###'###..###'##
##.###..###.##
#...........#.
#......>....#.


You could see antares's ghost and a centaur skeleton.

Vanquished Creatures
  The ghost of antares the Magician, an amateur DEWz (D:5)
  A hippogriff (D:3)
  A sky beast (D:5)
  A black bear (D:7)
  4 ogres
  2 centaurs
  A giant frog (D:6)
  A water moccasin zombie (D:6)
  A wyvern skeleton (D:7)
  A scorpion (D:5)
  A giant frog zombie (D:7)
  A jelly (D:6)
  4 crimson imps
  4 hounds
  2 centaur skeletons (D:4)
  Natasha (thrice) (D:4)
  4 iguanas
  2 orc wizards
  A worker ant (D:6)
  2 hound zombies (D:7)
  A hound skeleton (D:5)
  4 gnolls (D:5)
  9 adders
  A shadow imp (D:5)
  An ooze (D:2)
  4 giant geckos
  8 orcs
  9 bats
  5 giant cockroaches
  9 goblins
  8 hobgoblins
  A giant cockroach zombie (D:6)
  3 giant newts
  11 kobolds
  6 rats
118 creatures vanquished.

Notes
Turn   | Place    | Note
--------------------------------------------------------------
     0 | D:1      | Arkorax the Tengu Gladiator began the quest for the Orb.
     0 | D:1      | Reached XP level 1. HP: 12/12 MP: 2/2
    42 | D:1      | Reached XP level 2. HP: 11/18 MP: 3/3
   770 | D:2      | Reached XP level 3. HP: 22/22 MP: 4/4
   821 | D:2      | Reached skill level 4 in Staves
  1325 | D:3      | Found a shattered altar of Ashenzari.
  1325 | D:3      | Found an opulent altar of Gozag.
  1327 | D:3      | Found a white marble altar of Elyvilon.
  1328 | D:3      | Found a radiant altar of Vehumet.
  1335 | D:3      | Became a worshipper of Gozag Ym Sagoz the Greedy
  1358 | D:3      | Reached XP level 4. HP: 24/28 MP: 5/5
  1774 | D:3      | Noticed a hippogriff
  1779 | D:3      | Killed a hippogriff
  1779 | D:3      | Reached skill level 5 in Staves
  1779 | D:3      | Gained mutation: You can fly. [Tengu growth]
  1779 | D:3      | Reached XP level 5. HP: 29/34 MP: 6/6
  2407 | D:4      | Reached XP level 6. HP: 38/40 MP: 7/7
  2448 | D:4      | Noticed an ogre
  2463 | D:4      | Killed an ogre
  2463 | D:4      | Reached skill level 5 in Fighting
  2782 | D:4      | Reached skill level 6 in Staves
  2994 | D:4      | Reached XP level 7. HP: 33/44 MP: 8/8
  3265 | D:4      | Noticed Natasha
  3271 | D:4      | Killed Natasha
  3435 | D:5      | Entered Level 5 of the Dungeon
  3484 | D:5      | Noticed antares's ghost (amateur DEWz)
  3511 | D:5      | Killed antares's ghost
  3511 | D:5      | Reached skill level 7 in Staves
  3511 | D:5      | Reached XP level 8. HP: 37/51 MP: 9/9
  3596 | D:5      | Found a staircase to the Ecumenical Temple.
  3631 | D:5      | Reached skill level 5 in Dodging
  3866 | D:5      | Found a shadowy altar of Dithmenos.
  3876 | D:5      | Found a glowing silver altar of Zin.
  4325 | D:4      | Noticed Natasha
  4332 | D:4      | Killed Natasha
  4354 | D:4      | Noticed Natasha
  4364 | D:4      | Killed Natasha
  4924 | D:6      | Reached skill level 8 in Staves
  5051 | D:6      | Reached XP level 9. HP: 57/57 MP: 10/10
  5583 | D:7      | HP: 1/57 [black bear (8)]
  5857 | D:7      | Noticed antares's ghost (novice DEWz)
  5901 | D:7      | HP: 1/57 [antares's ghost/magic dart (8)]
  5903 | D:7      | Slain by a centaur skeleton

Action                   |  1- 3 |  4- 6 |  7- 9 || total
-------------------------+-------+-------+-------++-------
Melee: Quarterstaff      |    88 |   109 |   210 ||   407
Invok: Potion Petition   |       |       |     1 ||     1
 Abil: Fly               |       |       |     2 ||     2
  Use: Potion            |       |     3 |       ||     3
 Stab: Sleeping          |       |       |     1 ||     1
       Distracted        |       |       |     1 ||     1
  Eat: Bread ration      |     1 |     1 |     1 ||     3
       Pizza             |       |       |     1 ||     1
       Beef jerky        |       |       |     1 ||     1
